 Dungeon Crawl Stone Soup version 0.30-a0-243-gaa749bd8e4 (webtiles) character file.

Game seed: 254038122590224979

68 BritishOli the Trooper (level 4, 0/36 HPs)
             Began as a Demonspawn Fighter on Oct 12, 2022.
             Slain by twist's ghost (5 damage)
             ... on level 3 of the Dungeon.
             The game lasted 00:02:05 (1265 turns).

BritishOli the Trooper (Demonspawn Fighter)         Turns: 1265, Time: 00:02:05

Health: 0/36       AC:  9    Str: 16    XL:     4   Next: 1%
Magic:  4/4        EV:  8    Int:  9    God:
Gold:   89         SH:  5    Dex: 15    Spells: 3/3 levels left

rFire   . . .      SeeInvis .    a - +0 long sword
rCold   . . .      Faith    .    c - +0 buckler
rNeg    . . .      Spirit   .    b - +0 scale mail
rPois   .          Reflect  .    (no helmet)
rElec   .          Harm     .    (no cloak)
rCorr   .          Rampage  .    n - +0 pair of gloves
Will    .....                    (no boots)
Stlth   ..........               (no amulet)
HPRegen 0.26/turn                (no ring)
MPRegen 0.09/turn                (no ring)

@: no status effects
A: thin metallic scales 1, demonic magic 1
a: no special abilities


You were on level 3 of the Dungeon.
You visited 1 branch of the dungeon, and saw 3 of its levels.

You collected 89 gold pieces.

Inventory:

Hand Weapons
 a - a +0 long sword (weapon)
Armour
 b - a +0 scale mail (worn)
 c - a +0 buckler (worn)
 n - a +0 pair of gloves (worn)
Jewellery
 f - a ring of protection from cold
 q - an amulet of reflection
Wands
 o - a wand of paralysis (4)
Scrolls
 e - 3 scrolls of identify {unknown}
 g - a scroll of fear {unknown}
 h - 3 scrolls of noise {unknown}
 i - a scroll of teleportation {unknown}
 j - 2 scrolls of poison {unknown}
 l - a scroll of enchant armour {unknown}
 m - a scroll of enchant weapon {unknown}
Potions
 d - a potion of might
 k - a potion of heal wounds {unknown}
 p - a potion of degeneration {unknown}
 r - a potion of ambrosia {unknown}


   Skills:
 + Level 3.6 Fighting
 + Level 2.6 Long Blades
 - Level 3.1 Armour
 - Level 3.1 Shields


You had 3 spell levels left.
You didn't know any spells.
Your spell library contained the following spells:

 Spells                   Type           Power      Damage    Failure   Level
 Sublimation of Blood     Necr           0%         N/A       96%         2
 Frozen Ramparts          Ice            0%         1d1       99%         3
 Ice Form                 Ice/Tmut       0%         N/A       100%        4
 Petrify                  Tmut/Erth      0%         N/A       100%        4
 Summon Ice Beast         Ice/Summ       0%         N/A       100%        4
 Irradiate                Conj/Tmut      0%         3d11      100%        5


Dungeon Overview and Level Annotations

Branches:
Dungeon (3/15)

Altars:

Annotations:
D:3 1 transporter, twist's ghost, amateur OpTm


Innate Abilities, Weirdness & Mutations

You are partially covered in thin metallic scales. (AC +2)
Spells you cast may paralyse adjacent enemies.


Message History

r - a grey potion No target in view!
Found a transporter.
No target in view!
Twist's ghost turns its malevolent gaze towards you.
You now have 89 gold pieces (gained 18).
A worm comes into view.
A worm is nearby!
A worm is nearby!
The worm bites you but does no damage.
You slash the worm!
The worm is heavily wounded.
The worm bites you.
You slash the worm!
The worm is almost dead.
A worm is nearby!
You hit the worm.
You kill the worm!
You have reached level 4!
You feel agile.
Your demonic ancestry asserts itself...
A menacing aura infuses your magic. Twist's ghost wails, "They lied to you.
The Dungeon just goes down and down forever."
Twist's ghost shrieks, "You will never get the ORB!"
There is a transporter here.
You enter the transporter and appear at another place.
Found a transporter.
You barely miss the ogre. You block the ogre's attack.
You hit the ogre.
The ogre is lightly wounded.
The ogre hits you with the +8 great mace of Foul Odours {vamp, rElec rF+++ Int+3}!!
Ouch! That really hurt!
* * * LOW HITPOINT WARNING * * *
The ogre draws strength from your wounds!
You hit the ogre.
The ogre is lightly wounded.
You block the ogre's attack. Twist's ghost closely misses you.
You hit the ogre but do no damage.
The ogre is lightly wounded.
Twist's ghost hits you.
You die...

###....# #......##
#.......# #.##.##.#
#.##.##.## #.##.....#
#.############# ####
#.#....W©....©# #...
#.#.#.@#.#..#.# #.##
###..##O..##..# #.##
#..##...##..# #.##
#.#..#.#$.#.# #.##
##....$:.....## #.##
############### #.##
###.....§.©.....# #.##
#...............#####.##
..#...................##


You could see an ogre and twist's ghost.

Vanquished Creatures
  Jessica (D:2)
  A worm (D:3)
  A dart slug (D:2)
  7 endoplasms
  3 giant cockroaches (D:1)
  3 goblins
  6 hobgoblins
  2 kobolds
  5 ball pythons
  4 frilled lizards
  A rat (D:1)
34 creatures vanquished.

Notes
Turn   | Place    | Note
-------+----------+-------------------------------------------
     0 | D:1      | BritishOli the Demonspawn Fighter began the quest for the
                  | Orb.
     0 | D:1      | Reached XP level 1. HP: 18/18 MP: 1/1
   129 | D:1      | Gained mutation: You are partially covered in thin metallic
                  | scales. (AC +2) [demonic ancestry]
   129 | D:1      | Reached XP level 2. HP: 6/24 MP: 2/2
   479 | D:1      | You fall into a shaft and drop 1 floor!
   530 | D:2      | Noticed Jessica
   542 | D:2      | Killed Jessica
   543 | D:2      | Reached XP level 3. HP: 11/29 MP: 3/3
  1214 | D:3      | Found a transporter.
  1217 | D:3      | Identified the +8 great mace of Foul Odours {vamp, rElec
                  | rF+++ Int+3}
  1217 | D:3      | Noticed an ogre
  1217 | D:3      | Noticed twist's ghost (amateur OpTm)
  1243 | D:3      | Gained mutation: Spells you cast may paralyse adjacent
                  | enemies. [demonic ancestry]
  1243 | D:3      | Reached XP level 4. HP: 32/36 MP: 4/4
  1259 | D:3      | Found a transporter.
  1265 | D:3      | Slain by twist's ghost

Illustrated notes

Levels and vault maps discovered:
D:1:      erik_arrival_blinker_ship, layout_rooms
D:2:      layout_rooms, minmay_tromino_i2, uniq_jessica
D:3:      layout_loops_ring, gammafunk_ghost_smash, uniq_crazy_yiuf_cottage

Skill      XL: |  1  2 |
---------------+-------+-----
Long Blades    | 2 |  2.6
Armour         | 3 |  3.1
Shields        | 3 |  3.1
Fighting       | |  3.6

Action                   |  1- 3 |  4- 6 || total
-------------------------+-------+-------++-------
Melee: Long sword        |   108 |     4 ||   112
Armor: Scale mail        |    53 |       ||    53
Dodge: Dodged            |    48 |     1 ||    49
Block: Buckler           |    22 |     2 ||    24

Table legend: (Time is in decaauts)
 A = Elapsed time spent in this place.
 B = Non-inter-level travel time spent in this place.
 C = Inter-level travel time spent in this place.
 D = Time resting spent in this place.
 E = Time spent auto-exploring this place.
 F = Levels seen in this place.
 G = Mean time per level.
                   A        B        C        D        E       F      G
               +--------+--------+--------+--------+--------+-----+--------+
         Total |   1301 |   1251 |     50 |     68 |    871 |   3 |  433.7 |
       Dungeon |   1301 |   1251 |     50 |     68 |    871 |   3 |  433.7 |
               +--------+--------+--------+--------+--------+-----+--------+

Top non-repeatable levels by time:
     D:1: 593 daAuts
     D:2: 486 daAuts
     D:3: 221 daAuts
